 Dungeon Crawl Stone Soup version 0.27-a0-124-g19cb506db8 (webtiles) character file.

Game seed: 5673483762502387910

118 sahdkjhfkaj the Covert (level 4, -8/24 HPs)
             Began as a Vampire Enchanter on Jan 25, 2021.
             Mangled by Aarinfel's ghost (13 damage)
             ... on level 3 of the Dungeon.
             The game lasted 00:08:13 (2786 turns).

sahdkjhfkaj the Covert (Vampire Enchanter)          Turns: 2786, Time: 00:08:14

Health: -8/24      AC:  3    Str:  7    XL:     4   Next: 72%
Magic:  7/7        EV: 13    Int: 17    God:
Gold:   107        SH:  0    Dex: 15    Spells: 1/7 levels left

rFire    . . .     SeeInvis +   a - +0 dagger (flame)
rCold    + + .     Faith    .   (no shield)
rNeg     + + +     Spirit   .   b - +1 robe
rPois    ∞         Reflect  .   (no helmet)
rElec    .         Harm     .   (no cloak)
rCorr    .         Rampage  .   (no gloves)
Will     .....                  (no boots)
Stlth    ++++++....             (no amulet)
HPRegen  0.00/turn              (no ring)
MPRegen  0.10/turn              (no ring)

@: bloodless
A: fangs 3, see invisible, unbreathing
a: Bat Form, Revivify


You were on level 3 of the Dungeon.
You visited 1 branch of the dungeon, and saw 3 of its levels.

You collected 107 gold pieces.

Inventory:

Hand Weapons
 a - a +0 dagger of flaming (weapon)
Armour
 b - a +1 robe (worn)
Jewellery
 n - an uncursed amulet of regeneration {unknown}
Scrolls
 c - 3 scrolls of enchant armour
 d - a scroll of fear {unknown}
 f - a scroll of fog {unknown}
 i - a scroll of magic mapping {unknown}
 k - 2 scrolls of teleportation {unknown}
 m - a scroll of remove curse {unknown}
 p - 2 scrolls of identify {unknown}
Potions
 e - 2 potions of attraction {unknown}
 g - a potion of invisibility {unknown}
 h - a potion of magic {unknown}
 j - a potion of heal wounds {unknown}
 l - a potion of lignification {unknown}
 o - a potion of berserk rage {unknown}


   Skills:
 - Level 1.1 Short Blades
 - Level 2.1 Dodging
 + Level 8.3 Stealth
 - Level 2.0 Spellcasting
 - Level 4.4 Hexes
 - Level 1.0 Ice Magic


You had one spell level left.
You knew the following spells:

 Your Spells              Type           Power        Failure   Level
a - Corona                Hex            17%          3%          1
b - Ensorcelled Hibernat  Hex/Ice        20%          10%         2
N - Confusing Touch       Hex            16%          10%         3

Your spell library contained the following spells:

 Spells                   Type           Power        Failure   Level
 Tukima's Dance           Hex            16%          10%         3
 Dazzling Flash           Conj/Hex       18%          24%         3


Dungeon Overview and Level Annotations

Branches:
Dungeon (3/15)

Altars:
Cheibriados
Ru

Annotations:
D:3 Aarinfel's ghost, amateur GrFi


Innate Abilities, Weirdness & Mutations

You do not regenerate when monsters are visible.
You are frail without blood (-20% HP).
You can heal yourself when you bite living creatures.
You are immune to poison.
You have razor-sharp teeth.
You have supernaturally acute eyesight. (SInv)
You can survive without breathing.


Message History

Ouch! That really hurt!
Press: ? - help, v - describe, . - travel
Here: Aarinfel's ghost (chance to confuse on hit: 35%)
An open translucent door.
Your hands stop glowing.
Aarinfel's ghost whispers, "Meet the emptiness of death!"
Things that are here:
a +0 short sword; a kobold corpse You aren't carrying any items that you can evoke.
Aarinfel's ghost makes a sound of rattling chains.
You fail to use your ability.
You see here a bat corpse.
Okay, then.
You fail to use your ability.
Aarinfel's ghost hits you.
* * * LOW HITPOINT WARNING * * *
Found 14 arrows.
You fail to use your ability.
Aarinfel's ghost completely misses you. Aarinfel's ghost hits you!
Ouch! That really hurt!
You die...

#.........#.#
#.....)..##.#
#######..##.# ≈ #..##.###
≈≈ ##########........ #≈≈
...........###.### # ≈.
#...###........#
#≈##.###..##⌠##..########
#.......@##...##.........
.#.##.##W##..!..##.#######
...(.....#⌠..♣...'....#
.#.##.##.##..!..##.##.# #
#..##...##..##.#
##..##⌠##...##.####
#...###........... #
#.#.....#####.####
#.###†#.##### #.#


You could see Aarinfel's ghost.

Vanquished Creatures
  An orc wizard (D:2)
  4 adders (D:2)
  A worm (D:3)
  A dart slug (D:2)
  2 orcs
  4 giant cockroaches
  5 hobgoblins
  8 kobolds
  A ball python (D:1)
  8 bats
  4 frilled lizards
  5 goblins
  5 rats
49 creatures vanquished.

Notes
Turn   | Place    | Note
-------+----------+-------------------------------------------
     0 | D:1      | sahdkjhfkaj the Vampire Enchanter began the quest for the
                  | Orb.
     0 | D:1      | Reached XP level 1. HP: 13/13 MP: 3/3
    35 | D:2      | Found a snail-covered altar of Cheibriados.
    38 | D:2      | Reached skill level 5 in Stealth
    38 | D:2      | Reached XP level 2. HP: 19/19 MP: 5/5
   101 | D:2      | Learned a level 2 spell: Ensorcelled Hibernation
   264 | D:2      | Reached skill level 6 in Stealth
   264 | D:2      | Reached skill level 1 in Ice Magic
   398 | D:2      | Reached XP level 3. HP: 24/24 MP: 0/6
   772 | D:2      | Found a sacrificial altar of Ru.
  1037 | D:2      | Reached skill level 7 in Stealth
  1600 | D:1      | Reached XP level 4. HP: 24/24 MP: 2/7
  2105 | D:3      | Found a faded altar of an unknown god.
  2306 | D:2      | Reached skill level 8 in Stealth
  2535 | D:3      | Found a runed translucent door.
  2535 | D:3      | Noticed Aarinfel's ghost (amateur GrFi)
  2705 | D:3      | Learned a level 3 spell: Confusing Touch
  2786 | D:3      | Mangled by Aarinfel's ghost

Illustrated notes

Levels and vault maps discovered:
D:1:      minmay_arrival_four_circles, layout_basic, chequers_jeans,
          minmay_misc_feat_iff
D:2:      layout_basic, cheibriados_altar_1, chequers_serial_rivers_micro_d,
          hangedman_ru_absence
D:3:      cheibrodos_thug_alley, layout_basic, yredelemnul_altar_generic,
          grunt_qazlal_clouds, hellmonk_ghost_happy_afterlife,
          chequers_ecumenical_altar_island

Skill      XL: |  1  2  3  4 |
---------------+-------------+-----
Stealth        | 5 6 7 8 |  8.3
Ice Magic      | 1 |  1.0
Short Blades   | |  1.1
Dodging        | |  2.1
Spellcasting   | |  2.0
Hexes          | |  4.4

Action                   |  1- 3 |  4- 6 || total
-------------------------+-------+-------++-------
Melee: Dagger            |    35 |    25 ||    60
       Bite              |       |     1 ||     1
 Cast: Ensorcelled Hiber |    28 |    21 ||    49
       Confusing Touch   |       |     1 ||     1
 Abil: Exsanguinate      |     1 |       ||     1
  Use: Scroll            |     1 |       ||     1
 Stab: Sleeping          |    28 |    17 ||    45
Armor: Robe              |    36 |     5 ||    41
Dodge: Dodged            |   103 |    40 ||   143

Table legend: (Time is in decaauts)
 A = Elapsed time spent in this place.
 B = Non-inter-level travel time spent in this place.
 C = Inter-level travel time spent in this place.
 D = Time resting spent in this place.
 E = Time spent auto-exploring this place.
 F = Levels seen in this place.
 G = Mean time per level.
                   A        B        C        D        E       F      G
               +--------+--------+--------+--------+--------+-----+--------+
         Total |   2787 |   2696 |     91 |    448 |   1488 |   3 |  929.0 |
       Dungeon |   2787 |   2696 |     91 |    448 |   1488 |   3 |  929.0 |
               +--------+--------+--------+--------+--------+-----+--------+

Top non-repeatable levels by time:
     D:2: 1525 daAuts
     D:1: 899 daAuts
     D:3: 362 daAuts
